Map: Dusk Towers

Players

Virium - Winner!

  • Race: Protoss Protoss
  • League: Master

Miszu

  • Race: Zerg Zerg
  • League: Master

VOD

Have the link to the VOD?

Description

Time

  • Played on: June 20, 2016, noon
  • Length: 7:50
Show
View Real Time Build Order
Export as new Build Order

Virium Protoss - Winner!

Build Orders: 1 Gate Expand 

Get SALT Encoding   

  12  0:00  Probe (Chrono Boost)  
  13  0:11  Probe (Chrono Boost)  
  14  0:17  Pylon  
  14  0:22  Probe (Chrono Boost)  
  16  0:35  Gateway, Probe (Chrono Boost)  
  16  0:42  Assimilator  
  16  0:46  Probe (Chrono Boost)  
  17  0:57  Probe (Chrono Boost)  
  18  1:07  Probe (Chrono Boost)  
  19  1:18  Nexus  
  19  1:21  Probe (Chrono Boost)  
  20  1:31  Cybernetics Core  
  20  1:34  Probe (Chrono Boost)  
  21  1:40  Assimilator  
  21  1:45  Probe (Chrono Boost)  
  22  1:49  Pylon  
  22  1:55  Probe (Chrono Boost)  
  23  2:07  Adept (Chrono Boost), Warp Gate, Probe (Chrono Boost)  
  26  2:19  Probe  
  27  2:23  Twilight Council  
  27  2:30  Adept (Chrono Boost), Probe (Chrono Boost)  
  27  2:31  Probe (Chrono Boost)  
  31  2:41  Probe (Chrono Boost)  
  31  2:42  Probe (Chrono Boost)  
  33  2:50  Robotics Facility  
  33  2:51  Probe (Chrono Boost)  
  33  2:53  Probe (Chrono Boost)  
  33  2:56  Resonating Glaives (Chrono Boost)  
  35  3:02  Probe (Chrono Boost)  
  35  3:04  Probe (Chrono Boost)  
  36  3:12  Probe (Chrono Boost)  
  37  3:13  Probe (Chrono Boost)  
  37  3:19  Pylon  
  38  3:23  Probe  
  38  3:24  Probe  
  40  3:31  Gateway  
  40  3:33  Gateway  
  40  3:35  Probe  
  40  3:36  Probe  
  40  3:39  Warp Prism (Chrono Boost)  
  44  3:43  Adept  
  44  3:47  Probe  
  44  3:48  Probe  
  48  3:59  Pylon, Probe  
  48  4:00  Probe  
  50  4:04  Assimilator  
  50  4:06  Assimilator  
  50  4:11  Probe  
  50  4:12  Probe  
  56  4:18  Immortal (Chrono Boost)  
  56  4:19  Pylon  
  56  4:23  Probe  
  57  4:24  Probe  
  57  4:31  Adept x2  
  62  4:36  Pylon  
  62  4:37  Probe x2  
  64  4:44  Nexus  
  64  4:50  Pylon x2  
  64  4:54  Mothership Core  
  66  5:00  Blink  
  66  5:03  Probe  
  67  5:15  Immortal (Chrono Boost), Probe x2  
  69  5:27  Probe x2  
  71  5:34  Sentry  
  71  5:35  Sentry x2  
  77  5:39  Probe x2  
  79  5:51  Probe x2  
  79  5:53  Immortal (Chrono Boost)  
  85  6:01  Gateway x2  
  85  6:02  Probe  
  85  6:03  Gateway, Probe x2  
  88  6:05  Sentry x2  
  88  6:06  Gateway, Sentry  
  88  6:08  Gateway  
  94  6:13  Pylon  
  94  6:14  Pylon  
  92  6:29  Stalker x3  
  92  6:32  Observer (Chrono Boost)  
  99  6:40  Pylon  
  99  6:50  Pylon  
  99  6:55  Stalker x3  
  105  7:05  Stalker x3  
  105  7:06  Stalker x2  
  115  7:10  Pylon  
  115  7:11  Pylon  
  115  7:19  Assimilator x2  
  115  7:20  Stalker x3  
  121  7:24  Forge  
  121  7:29  Stalker x5  
  131  7:47  Stalker x3  
Show
View Real Time Build Order
Export as new Build Order

Miszu Zerg 

Build Orders: Hatch First 

Get SALT Encoding   

  12  0:00  Drone  
  13  0:09  Drone  
  14  0:15  Extractor, Drone  
  15  0:22  Overlord  
  15  0:41  Drone x2  
  18  0:50  Drone  
  18  0:56  Hatchery  
  17  0:59  Drone  
  18  1:14  Spawning Pool  
  18  1:18  Drone x2  
  19  1:20  Extractor  
  18  1:28  Overlord  
  18  1:44  Drone  
  19  1:57  Drone  
  19  2:01  Queen  
  20  2:04  Zergling x2  
  23  2:08  Zergling x2  
  23  2:11  Zergling x2  
  25  2:16  Queen  
  25  2:21  Overlord  
  27  2:25  Drone  
  28  2:32  Metabolic Boost  
  28  2:34  Drone x2  
  30  2:44  Drone x2  
  32  2:59  Hatchery  
  32  3:01  Drone  
  32  3:02  Drone  
  32  3:14  Drone x2  
  32  3:16  Drone x4, Evolution Chamber  
  37  3:21  Drone  
  37  3:25  Overlord  
  38  3:30  Lair  
  38  3:33  Drone  
  39  3:35  Drone  
  39  3:39  Overlord  
  40  3:44  Zerg Melee Weapons Level 1  
  40  3:47  Extractor, Drone  
  40  3:50  Drone x2  
  42  3:58  Drone x4  
  46  4:03  Drone x2  
  46  4:06  Drone  
  49  4:11  Drone  
  49  4:12  Drone  
  49  4:14  Overlord  
  51  4:17  Drone x3  
  51  4:23  Evolution Chamber  
  53  4:24  Queen  
  53  4:27  Drone  
  53  4:28  Drone  
  53  4:30  Drone  
  58  4:33  Drone x2  
  58  4:35  Drone  
  58  4:36  Drone  
  58  4:38  Extractor, Drone  
  62  4:43  Drone  
  63  4:51  Zerg Ground Armor Level 1  
  63  4:53  Drone x2  
  63  4:55  Baneling Nest  
  59  5:03  Drone x6  
  58  5:08  Drone  
  58  5:13  Zergling x4  
  55  5:16  Zergling x8  
  55  5:20  Zergling x6  
  62  5:26  Zergling x2  
  62  5:27  Zergling x4  
  65  5:34  Zergling x2  
  66  5:38  Drone  
  66  5:44  Spore Crawler  
  63  5:50  Drone x10  
  73  5:58  Infestation Pit  
  73  6:00  Drone  
  73  6:01  Centrifical Hooks  
  73  6:04  Baneling x2  
  73  6:05  Baneling x4  
  73  6:11  Spore Crawler  
  72  6:15  Spore Crawler  
  71  6:29  Drone x3  
  71  6:32  Overlord x6  
  74  6:33  Overlord x2  
  74  6:37  Baneling  
  74  6:38  Baneling  
  74  6:40  Pathogen Glands  
  74  6:44  Extractor  
  74  6:45  Extractor  
  72  6:48  Extractor, Zergling x4  
  72  6:49  Zergling x2  
  72  6:50  Zergling x6  
  72  6:52  Zergling x2  
  78  6:56  Zergling x6  
  78  6:58  Zergling x2  
  81  7:12  Drone x5  
  86  7:21  Baneling x2  
  86  7:22  Overlord  
  86  7:25  Overlord x2  
  86  7:27  Zergling x10  
  86  7:29  Drone  
Tags
 
Add a new tag
Caveats
  • Supply blocks, unpowered buildings, or Contaminate may cause inaccurate times.
  • Supply counts are checked every 10 seconds.